 Seeded DCSS version 0.29.1-12-g30fa7ad0bf (webtiles) character file.

Game seed: 6320845443627075161 (custom seed)

4 OTABOTABOTAB the Insei (level 1, 13/13 HPs)
             Began as an Octopode Transmuter on Jan 10, 2023.
             Quit the game on level 1 of the Dungeon.
             The game lasted 00:01:14 (595 turns).

OTABOTABOTAB the Insei (Octopode Transmuter)         Turns: 595, Time: 00:01:15

Health: 13/13      AC:  1    Str:  9    XL:     1   Next: 60%
Magic:  3/3        EV: 13    Int: 15    God:
Gold:   50         SH:  0    Dex: 12    Spells: 3/4 levels left

rFire   . . .      SeeInvis .     - Unarmed
rCold   . . .      Faith    .   (no shield)
rNeg    . . .      Spirit   .   (helmet restricted)
rPois   .          Reflect  .   (no amulet)
rElec   .          Harm     .   (no ring)
rCorr   .          Rampage  .   (no ring)
Will    .....                   (no ring)
Stlth   ++........              (no ring)
HPRegen 0.04/turn               (no ring)
MPRegen 0.08/turn               (no ring)
                                (no ring)
                                (no ring)

@: no status effects
A: almost no armour, amphibious, 8 rings, camouflage 1, gelatinous body 1,
(nimble swimmer 1), tentacles
a: no special abilities


You were on level 1 of the Dungeon.
You visited 1 branch of the dungeon, and saw 1 of its levels.

You collected 50 gold pieces.

Inventory:

Missiles
 d - 3 poisoned darts
 s - 5 stones
Magical Staves
 e - a staff of air {rElec}
   (You found it on level 1 of the Dungeon)
Scrolls
 a - 2 scrolls of teleportation {unknown}
 f - 2 scrolls of magic mapping {unknown}
Potions
 b - a potion of curing {unknown}
 c - a potion of haste {unknown}
 g - a potion of resistance {unknown}
 h - a potion of brilliance {unknown}
 P - a potion of lignification {!q}


   Skills:
 + Level 1.1 Fighting
 - Level 2.0 Dodging
 + Level 3.0 Unarmed Combat
 - Level 2.0 Spellcasting
 + Level 2.1 Transmutations
 + Level 0.1 Ice Magic


You had 3 spell levels left.
You knew the following spells:

 Your Spells              Type           Power      Damage    Failure   Level
a - Beastly Appendage     Tmut           14%        N/A       10%         1

Your spell library contained the following spells:

 Spells                   Type           Power      Damage    Failure   Level
 Wereblood                Tmut           7%         N/A       14%         2
 Freeze                   Ice            8%         1d3       21%         1
 Spider Form              Tmut/Pois      4%         N/A       41%         3
 Frozen Ramparts          Ice            4%         1d1       52%         3
 Ice Form                 Ice/Tmut       4%         N/A       80%         4
 Hailstorm                Conj/Ice       1%         3d3       91%         4


Dungeon Overview and Level Annotations

Branches:
Dungeon (1/15)

Altars:


Innate Abilities, Weirdness & Mutations

You cannot wear most types of armour.
You are amphibious.
You can wear up to eight rings at the same time.
Your skin changes colour to match your surroundings (Stealth+).
Your rubbery body absorbs attacks. (AC +1, EV +1)
((You are camouflaged when in or above water. (Stealth+)))
You have tentacles for arms and can constrict up to eight enemies at once.


Message History

No target in view!
No target in view!
Unknown command.
No target in view!
No target in view!
Your tentacle spike disappears.
Unknown command.
Things that are here:
a +0 dagger; a goblin corpse
a - a scroll labelled FEAHEA REEVUR MP restored: 3 You open the door.
There is an open door here.
Found a stone staircase leading down.
b - a murky black potion You pick up a book of Frost and begin reading...
You add the spells Freeze, Frozen Ramparts and Hailstorm to your library.
You now have 22 gold pieces (gained 13).
Found a stone staircase leading down.
You now have 34 gold pieces (gained 12).
You now have 49 gold pieces (gained 15).
c - a sedimented blue potion
Okay, then.
Unknown command.
You open the door.
There is an open door here.
You open the door.
There is an open door here.
A bat comes into view.
A bat is nearby!
You throw a stone. The stone hits the bat.
The bat hits you but does no damage.
You barely miss the bat. Your grab misses the bat.
The bat hits you but does no damage.
You throw a stone. The stone barely misses the bat.
The bat closely misses you.
You barely miss the bat. You grab the bat.
Your tentacle-slap misses the bat.
You squeeze the bat.
You kill the bat!
Clearing quiver.
No target in view!
No target in view!
d - 3 poisoned darts No target in view!
No target in view!
No target in view!
e - a staff of air {rElec}
s - 5 stones You now have 50 gold pieces (gained 1).
Found a stone staircase leading down.
f - a scroll labelled XIMUT KI DIE
f - 2 scrolls labelled XIMUT KI DIE (gained 1)
g - a fuming purple potion You open the door.
There is an open door here.
Things that are here:
a +0 dagger; a goblin skeleton
Things that are here:
a +0 dagger; a goblin skeleton You open the door.
There is an open door here.
You open the door.
There is an open door here.
As you open the door, it creaks loudly!
There is an open door here.
You open the door.
There is an open door here.
A ball python comes into view.
Unknown command.
The helpless ball python fails to defend itself.
You tentacle-slap the ball python.
You kill the ball python!
No target in view!
h - a bubbling golden potion You see here a ball python corpse.
a - 2 scrolls labelled FEAHEA REEVUR (gained 1) As you open the door, it creaks loudly!
There is an open door here.
There is an open door here.
There is an open door here.
There is an open door here.
A rat comes into view.
A rat is nearby!
The rat barely misses you.
Unknown command.
You tentacle-slap the rat. You grab the rat.
You constrict the rat, but do no damage.
The rat bites you.
You take 1 damage, and have 12/13 hp.
You tentacle-slap the rat.
You kill the rat!
No target in view!
There is an open door here.
Done exploring.
Health restored: 13 Done exploring.
Okay, then.
Unknown command.
Saving game... please wait.
Bad channel name for runrest: 'Jiyva says: Divide and consume' Welcome back, OTABOTABOTAB the Octopode Transmuter.
Game seed: 6320845443627075161 (custom seed)

#.# #.# ###### ###### #.#
.....# #....##########.#
.....## #.............#.#
......# #.............#.#
......####.............#.#
.......................#.#
................@......#.#
................########.#
######..........## #.#
##...#...........#######.#
.....+..>........'.......#
.....#...........#########
.................########
##......................#
........)...............#


There were no monsters in sight!

Vanquished Creatures
  A ball python (D:1)
  A goblin (D:1)
  A bat (D:1)
  A rat (D:1)
4 creatures vanquished.

Notes
Turn   | Place    | Note
-------+----------+-------------------------------------------
     0 | D:1      | OTABOTABOTAB the Octopode Transmuter began the quest for
                  | the Orb.
     0 | D:1      | Reached XP level 1. HP: 13/13 MP: 3/3
   595 | D:1      | Quit the game

Illustrated notes

Levels and vault maps discovered:
D:1:      dpeg_arrival_lava_temple_mockup, layout_basic

Action                   || total
-------------------------++-------
Melee: Unarmed           ||     7
       Constrict         ||     3
       Tentacles         ||     1
Throw: Stone             ||     2
 Cast: Beastly Appendage ||     1
 Abil: End Transformatio ||     1
 Stab: Sleeping          ||     1
Armor: Skin              ||     2
Dodge: Dodged            ||     2

Table legend: (Time is in decaauts)
 A = Elapsed time spent in this place.
 B = Non-inter-level travel time spent in this place.
 C = Inter-level travel time spent in this place.
 D = Time resting spent in this place.
 E = Time spent auto-exploring this place.
 F = Levels seen in this place.
 G = Mean time per level.
                   A        B        C        D        E       F      G
               +--------+--------+--------+--------+--------+-----+--------+
         Total |    594 |    594 |      0 |      0 |    555 |   1 |  594.0 |
       Dungeon |    594 |    594 |      0 |      0 |    555 |   1 |  594.0 |
               +--------+--------+--------+--------+--------+-----+--------+

Top non-repeatable levels by time:
     D:1: 594 daAuts

Table legend:
 A = Kills in this place as a percentage of kills in entire the game.
 B = Kills by you in this place as a percentage of kills by you in the entire game.
 C = Kills by friends in this place as a percentage of kills by friends in the entire game.
 D = Other kills in this place as a percentage of other kills in the entire game.
 E = Experience gained in this place as a percentage of experience gained in the entire game.
 F = Experience gained in this place divided by the number of levels of this place that you have seen.
                   A       B       C       D       E      F
               +-------+-------+-------+-------+-------+----------------------
         Total | 100.0 | 100.0 |   N/A |   N/A | 100.0 |   6.0
       Dungeon | 100.0 | 100.0 |   N/A |   N/A | 100.0 |   6.0
               +-------+-------+-------+-------+-------+----------------------
